[Event "Late-Titled-Tuesday-Blitz-March-26-2024"]
[Site "Chess.com"]
[Date "2024.03.26"]
[Round "11"]
[White "Rud_Makarian"]
[Black "dretch"]
[Result "1-0"]
[WhiteElo "3092"]
[BlackElo "2870"]
[TimeControl "180+1"]
[EndTime "16:04:31 PDT"]
[Termination "Rud_Makarian won on time"]

1. d4 d5 2. c4 c6 3. Nf3 Nf6 4. Nc3 dxc4 5. g3 b5 6. Ne5 Nfd7 7. Nf3 Bb7 8. Bg2 e6 9. O-O Be7 10. b3 cxb3 11. Qxb3 O-O 12. Rd1 a5 13. Bf4 a4 14.
Qc2 Na6 15. Ne5 Nb4 16. Qb1 Nxe5 17. Bxe5 Qb6 18. Qe4 Nd5 19. Rac1 Nxc3 20. Rxc3 Rad8 21. g4 Ba8 22. Rh3 f5 23. gxf5 exf5 24. Qf4 c5 25. Bxa8 Rxa8 26. d5 Rf7 27. d6 Rd8 28. Rhd3 Bf8 29.
Qh4 Rdd7 30. Rh3 g6 31. Rg3 Bg7 32. Bxg7 Kxg7 33. Rgd3 Rf6 34. Qf4 b4 35. Qe5 Kf7 36. Rh3 h5 37. Re3 b3 38. Qe8+ Kg7 39. Qxd7+ Kh6 40.
axb3 axb3 41. Qe7 b2 42. Qxf6 b1=Q 43. Qf8+ Kg5 44. Rg3+ Kf4 45. Qh6+ 1-0

[Event "Late-Titled-Tuesday-Blitz-March-26-2024"]
[Site "Chess.com"]
[Date "2024.03.26"]
[Round "11"]
[White "promen1999"]
[Black "mishanick"]
[Result "1/2-1/2"]
[WhiteElo "2874"]
[BlackElo "3050"]
[TimeControl "180+1"]
[EndTime "16:04:32 PDT"]
[Termination "Game drawn by repetition"]

1. d4 Nf6 2. c4 e6 3. Nf3 d5 4. Nc3 Nbd7 5. cxd5 exd5 6. Bg5 h6 7. Bh4 c6 8. e3 g5 9. Bg3 Nh5 10. Qc2 Nxg3 11.
hxg3 Nb6 12. Be2 Be6 13. a3 Qf6 14. Ne5 Bd6 15. f4 O-O-O 16. Nb5 Bxe5 17. fxe5 Qe7 18. Nd6+ Kb8 19. a4 f6 20. a5 fxe5 21. axb6 Qxd6 22. Rxa7 Qb4+ 23. Qc3 Qxb6 24. Ra4 exd4 25. exd4 Bf5 26. Kd2 Rde8 27. Rha1 Bc8 28. Qa3 Qd8 29. Bh5 Qf6 30. Ra8+ Kc7 31. Qa5+ Kd6 32. Qc5+ Kc7 33. Qa5+ Kd6 34. Qc5+ Kd7 35. Bg4+ Kc7 36. Qa5+ Kd6 37.
Qc5+ Kc7 38. Qa5+ Kd6 39. Qb4+ Kc7 40. Rxc8+ Rxc8 41. Ra7 Rb8 42. Qa5+ Kd6 43. Qc5+ Kc7 44. Qa5+ Kd6 45. Qc5+ Kc7 46. Qa5+ 1/2-1/2

[Event "Late-Titled-Tuesday-Blitz-March-26-2024"]
[Site "Chess.com"]
[Date "2024.03.26"]
[Round "11"]
[White "emeli_chess"]
[Black "chessamical"]
[Result "1-0"]
[WhiteElo "2408"]
[BlackElo "2270"]
[TimeControl "180+1"]
[EndTime "16:04:32 PDT"]
[Termination "emeli_chess won on time"]

1. d4 Nf6 2. c4 e6 3. Nc3 Bb4 4. Qc2 O-O 5. e4 d5 6. e5 Ne4 7. Bd3 c5 8. Nf3 cxd4 9. Nxd4 Nd7 10. Bf4 Ndc5 11. O-O Bxc3 12. bxc3 Nxd3 13. Qxd3 Nc5 14. Qe2 dxc4 15. Qxc4 b6 16. Rfd1 Ba6 17. Nb5 Qh4 18. Rd4 Rac8 19. Bg3 Qh5 20. Qb4 Bxb5 21. Qxb5 Qg6 22.
Qe2 h5 23. h3 Rc6 24. Rad1 Nb7 25. Rd7 Na5 26. Rxa7 Rxc3 27. Rdd7 h4 28. Bxh4 Rxh3 29. Bg3 Rh5 30. Qd3 Qh6 31. f3 Rh1+ 32. Kf2 Qc1 33.
Qd2 Qg1+ 34. Ke2 Qxg2+ 35. Bf2 Rh2 36. Qe1 Nc4 37. Rd4 Nxe5 38. Re4 Qxf3+ 39. Kd2 Qd3+ 40. Kc1 Nc4 41. Re2 Qd5 42. Qc3 Rh1+ 43. Kc2 1-0

[Event "Late-Titled-Tuesday-Blitz-March-26-2024"]
[Site "Chess.com"]
[Date "2024.03.26"]
[Round "11"]
[White "VD_coach"]
[Black "Mikhail_Golubev"]
[Result "1-0"]
[WhiteElo "2519"]
[BlackElo "2628"]
[TimeControl "180+1"]
[EndTime "16:04:35 PDT"]
[Termination "VD_coach won on time"]

1. Nf3 d6 2. d4 Nf6 3. c4 g6 4. g3 Bg7 5. Bg2 O-O 6. O-O c6 7.
Nc3 Bf5 8. h3 Ne4 9. Nxe4 Bxe4 10. Be3 Nd7 11. Qd2 a5 12. Bh6 Nf6 13. Bxg7 Kxg7 14.
Rfd1 Qb6 15. Rac1 Qb4 16. Qc3 Qxc3 17. Rxc3 a4 18. Re3 d5 19. Nd2 Bxg2 20. Kxg2 dxc4 21. Nxc4 Nd5 22. Ra3 b5 23. Ne5 b4 24. Rad3 a3 25.
bxa3 Rxa3 26. Rxa3 bxa3 27. Rd3 Ra8 28. Nxc6 Ra6 29.
e4 Rxc6 30. exd5 Ra6 31. Kf3 Ra5 32. Ke4 f6 33. Rb3 Kf7 34. Rb7 Ra6 35. g4 h5 36.
f4 hxg4 37. hxg4 Ke8 38. g5 f5+ 39. Ke5 Kf7 40. Rc7 Ra5 41. Rc5 Ra6 42. Rc6 Ra5 43.
Rb6 Ra4 44. d6 exd6+ 45. Rxd6 Rb4 46. Rd7+ Ke8 47. Ra7 Rb2 48. Rxa3 Re2+ 49. Kf6 Re4 50. Rf3 Rxf4 51. Rxf4 1-0

[Event "Late-Titled-Tuesday-Blitz-March-26-2024"]
[Site "Chess.com"]
[Date "2024.03.26"]
[Round "11"]
[White "yujiarun18"]
[Black "JaackCamel"]
[Result "0-1"]
[WhiteElo "2114"]
[BlackElo "2188"]
[TimeControl "180+1"]
[EndTime "16:04:35 PDT"]
[Termination "JaackCamel won by checkmate"]

1. e4 e6 2. d4 d5 3. Nd2 c5 4.
exd5 Qxd5 5. Ngf3 cxd4 6. Bc4 Qd6 7. O-O Nf6 8. Nb3 Nc6 9. Nbxd4 Nxd4 10. Nxd4 Qc7 11.
Bb3 a6 12. Re1 Bd6 13. h3 O-O 14. c3 b5 15. Bg5 Bb7 16. Bc2 Nd5 17. Qd3 g6 18.
Bh6 Rfe8 19. Nf3 Rad8 20. Qe2 Nf4 21. Bxf4 Bxf4 22. Rad1 Rxd1 23. Rxd1 e5 24. Be4 Bc8 25. Nh4 Be6 26. g3 Bh6 27. Kh2 Bxa2 28. Qg4 Be6 29. Qf3 Kg7 30. Ng2 f5 31. Bc2 Re7 32. Ne3 Bg5 33.
h4 Bf6 34. h5 e4 35. Qe2 f4 36.
Nf1 e3 37. fxe3 fxg3+ 38. Nxg3 Be5 39. Rg1 Rf7 40. hxg6 hxg6 41. Qg2 Rf8 42. Kh1 Rh8+ 43. Qh2 Rxh2+ 44. Kxh2 Qd7 45. Kh1 Kf7 46. Ne2 Bd5+ 47. e4 Qh3# 0-1

[Event "Late-Titled-Tuesday-Blitz-March-26-2024"]
[Site "Chess.com"]
[Date "2024.03.26"]
[Round "11"]
[White "carokannlover213"]
[Black "jcibarra"]
[Result "0-1"]
[WhiteElo "2830"]
[BlackElo "2988"]
[TimeControl "180+1"]
[EndTime "16:04:36 PDT"]
[Termination "jcibarra won on time"]

1. e4 c5 2. Nf3 e6 3. d4 cxd4 4. Nxd4 Bc5 5. Nb3 Bb6 6. Nc3 Ne7 7. Bf4 d5 8. Bb5+ Nbc6 9. exd5 exd5 10. O-O O-O 11. Ne2 Ng6 12. Bg3 f5 13. Nf4 Nge7 14. Bh4 h6 15. Ng6 Qd6 16. Nxf8 g5 17. Qh5 Kxf8 18. Bxg5 hxg5 19. Qh8+ Ng8 20. Rae1 Bd7 21. Bxc6 bxc6 22. Nd4 Qg6 23. Nf3 Bc7 24. Ne5 Bxe5 25. Qxe5 Qf6 26. Qe3 d4 27. Qa3+ Kg7 28. Qc5 Be8 29.
Re5 Rd8 30. Rfe1 Bf7 31. Qxa7 f4 32. Qa5 Kg6 33. a4 Nh6 34. Qa6 d3 35. cxd3 Nf5 36.
Qb6 Nd4 37. R5e4 Rd5 38. a5 f3 39. a6 fxg2 40. Rxd4 Rxd4 41. a7 Ra4 42. Qb8 Rf4 43.
a8=Q Rxf2 44. Qa1 Qd4 45. Qg3 Re2+ 0-1

[Event "Late-Titled-Tuesday-Blitz-March-26-2024"]
[Site "Chess.com"]
[Date "2024.03.26"]
[Round "11"]
[White "frequentblunders"]
[Black "Shiner22"]
[Result "1-0"]
[WhiteElo "2215"]
[BlackElo "2309"]
[TimeControl "180+1"]
[EndTime "16:04:37 PDT"]
[Termination "frequentblunders won on time"]

1. e4 c5 2. Nc3 Nc6 3. Nf3 e5 4. Bc4 Be7 5. O-O d6 6. d3 Nf6 7. Ng5 O-O 8. f4 exf4 9. Bxf4 Bg4 10. Qe1 h6 11. Nf3 Nd4 12. Nxd4 cxd4 13. Ne2 Qb6 14. Bb3 Be6 15. Qg3 Nh5 16. Qf3 Nxf4 17. Nxf4 Bxb3 18.
axb3 Bg5 19. Nd5 Qc5 20. Rf2 Be3 21. Nxe3 dxe3 22. Re2 Qd4 23. Rb1 Rac8 24. Kf1 Rc7 25. Rc1 Qxb2 26. Qxe3 f5 27. Kg1 fxe4 28. dxe4 Qe5 29.
c4 Rcf7 30. h3 a5 31. Rd1 Rf6 32. Red2 Kh7 33. Rd5 Qb2 34. R1d2 Qc1+ 35. Kh2 Rf1 36. Kg3 Re1 37. Qd3 Qa1 38. e5+ Kh8 39. exd6 Qf6 40.
Qd4 1-0

[Event "Late-Titled-Tuesday-Blitz-March-26-2024"]
[Site "Chess.com"]
[Date "2024.03.26"]
[Round "11"]
[White "egnfanclub"]
[Black "DinaBelenkaya"]
[Result "1-0"]
[WhiteElo "2381"]
[BlackElo "2473"]
[TimeControl "180+1"]
[EndTime "16:04:38 PDT"]
[Termination "egnfanclub won on time"]

1. e4 c6 2. d4 d5 3. exd5 cxd5 4.
c4 Nc6 5. Nc3 Nf6 6. Nf3 e6 7.
cxd5 Nxd5 8. Bd3 Bb4 9. Qc2 Ba5 10. a3 Nf6 11. O-O h6 12. Be3 O-O 13. Rad1 Ne7 14.
Ne5 Ned5 15. b4 Bb6 16. Ne4 Nxe4 17. Bxe4 f5 18. Bf3 Bd7 19. Bxd5 exd5 20. Qd2 Bb5 21.
Rfe1 Qh4 22. g3 Qh3 23. Ng6 Rf7 24. Nf4 Qg4 25. Kg2 Bc4 26. h4 g5 27. f3 gxf4 28. fxg4 fxe3 29. Qxe3 fxg4 30. Qxh6 Raf8 31. Qg6+ Rg7 32.
Qe6+ Kh7 33. Re5 Rff7 34. Rh5+ Kg8 35. Rg5 Bd8 36. Rxg7+ Kxg7 37. h5 Bf6 38. Qf5 Bb3 39. Qg6+ Kf8 40. Rd2 Bc4 41. h6 Bh8 42. Qd6+ Kg8 43.
Qg6+ Kf8 44. h7 Bf1+ 45. Kg1 Bh3 46. Qg8+ Ke7 47. Re2+ Kf6 48. Qxh8+ Kg6 49. Qg8+ 1-0

[Event "Late-Titled-Tuesday-Blitz-March-26-2024"]
[Site "Chess.com"]
[Date "2024.03.26"]
[Round "11"]
[White "manitodeplomo"]
[Black "stollenmonster"]
[Result "0-1"]
[WhiteElo "2647"]
[BlackElo "2849"]
[TimeControl "180+1"]
[EndTime "16:04:42 PDT"]
[Termination "stollenmonster won by resignation"]

1. d4 Nf6 2. c4 e6 3. Nf3 d5 4. Nc3 Ne4 5. e3 Be7 6. Qc2 f5 7. Bd3 c6 8. O-O O-O 9. Rb1 Bd7 10. b4 Be8 11. b5 Nd7 12. Ne2 Rc8 13. bxc6 bxc6 14.
Rb7 Bd6 15. Bb2 Rb8 16. Rxb8 Bxb8 17. Ba3 Rf7 18. Rb1 g5 19. cxd5 cxd5 20. Bb5 Nb6 21. Bxe8 Qxe8 22. Ne5 Rc7 23. Qd1 Qc8 24. f3 Nc3 25.
Nxc3 Rxc3 26. Bc5 Bxe5 27. Bxb6 axb6 28. dxe5 Rxe3 29. Rxb6 Qc5 30. Rb8+ Kg7 31. Rb7+ Kh6 32. Kh1 Qa5 33. Rb1 Qxa2 34. Qg1 Qe2 35. Rb6 Rxe5 36.
h4 Qe1 37. Qxe1 Rxe1+ 38. Kh2 gxh4 39. Kh3 Kg5 40. Kh2 Kf4 41. Rb7 h3 42. Rxh7 hxg2 43. Kxg2 d4 44. Kf2 Ra1 45. Ra7 Rxa7 0-1

[Event "Late-Titled-Tuesday-Blitz-March-26-2024"]
[Site "Chess.com"]
[Date "2024.03.26"]
[Round "11"]
[White "MPCandelario"]
[Black "SahibSinghKnight"]
[Result "1/2-1/2"]
[WhiteElo "2674"]
[BlackElo "2594"]
[TimeControl "180+1"]
[EndTime "16:04:42 PDT"]
[Termination "Game drawn by repetition"]

1. e4 e6 2. d4 d5 3. Nc3 Nf6 4. Bg5 Bb4 5. e5 h6 6. exf6 hxg5 7. fxg7 Rg8 8. h4 gxh4 9. Qh5 Qf6 10. Qxh4 Qxg7 11.
Nf3 c5 12. O-O-O Bxc3 13. bxc3 c4 14. Qh6 Qxh6+ 15. Rxh6 Nc6 16. g3 Bd7 17. Bg2 O-O-O 18.
Rdh1 Rdf8 19. Rf6 Kd8 20. Ne5 Nxe5 21. dxe5 Rg7 22. Rh5 Ke7 23. Kd2 Rfg8 24. Ke3 Rg5 25. Rxg5 Rxg5 26. Kf4 Rh5 27. Bf3 Rh2 28. Ke3 Be8 29. Rf4 Rh8 30. a3 Ba4 31. Bd1 Rg8 32. Bh5 Rg7 33. Kd2 Be8 34. g4 Rg5 35. Rd4 Rxe5 36. f4 Re4 37. Rxe4 dxe4 38. g5 Ba4 39. Bd1 e5 40. Ke3 exf4+ 41. Kxf4 Bc6 42. Be2 b5 43. Bg4 Bd5 44. Bc8 Kd6 45. Bf5 a5 46. Bh7 Ke6 47. Bf5+ Kd6 48. Bg4 Bc6 49. Bh3 Bd5 50. Bc8 Bc6 51.
Bf5 Bd5 1/2-1/2

[Event "Late-Titled-Tuesday-Blitz-March-26-2024"]
[Site "Chess.com"]
[Date "2024.03.26"]
[Round "11"]
[White "ATM622"]
[Black "ArchibaldCerveza29"]
[Result "1-0"]
[WhiteElo "2509"]
[BlackElo "2372"]
[TimeControl "180+1"]
[EndTime "16:04:42 PDT"]
[Termination "ATM622 won by checkmate"]

1. d4 Nf6 2. c4 g6 3. g3 Bg7 4.
Bg2 d6 5. Nf3 O-O 6. O-O c5 7.
Nc3 Nc6 8. d5 Na5 9. Nd2 e6 10.
e4 exd5 11. exd5 Bf5 12. Re1 a6 13. a4 Ng4 14. Nce4 Ne5 15. Bf1 Re8 16. f4 Bg4 17.
Be2 Nd3 18. Rf1 Bd4+ 19. Kg2 Nxc1 20. Bxg4 Nd3 21. Bf3 f5 22. Ng5 Nb4 23. Ne6 Qd7 24. Rb1 Rxe6 25. dxe6 Qxe6 26. Re1 Qf7 27. Qe2 Nac6 28.
Qe6 Rd8 29. h4 Nd3 30. Bd5 Qxe6 31. Rxe6 Kf8 32. Nf3 Bg7 33. Ng5 Nd4 34. Re3 Bf6 35. Rxd3 Ke8 36. Re1+ Kd7 37. Nxh7 Rh8 38. Nxf6+ Kc7 39.
Re7+ Kb8 40. Rxb7+ Kc8 41. Ra7 Kd8 42. Ra8+ Ke7 43.
Rxh8 Kxf6 44. Ra8 Ne2 45. Rf8+ Ke7 46. Re3+ Kxf8 47. Rxe2 Kg7 48. Re7+ Kf6 49. Rf7# 1-0

[Event "Late-Titled-Tuesday-Blitz-March-26-2024"]
[Site "Chess.com"]
[Date "2024.03.26"]
[Round "11"]
[White "ThinkingSquares"]
[Black "Brahianzevich"]
[Result "1-0"]
[WhiteElo "2802"]
[BlackElo "2529"]
[TimeControl "180+1"]
[EndTime "16:04:43 PDT"]
[Termination "ThinkingSquares won on time"]

1. d4 Nf6 2. c4 c5 3. d5 b5 4. cxb5 a6 5. bxa6 g6 6. Nc3 Bg7 7. a7 Rxa7 8. e4 d6 9. Bb5+ Nbd7 10. Nf3 O-O 11. O-O Nb6 12. h3 Bd7 13. Re1 Ra5 14. Bf1 Qa8 15. Rb1 Na4 16. Bc4 Rb8 17. Qc2 Ne8 18.
Bd2 Nc7 19. Bb3 Nb6 20. a3 Nb5 21. Nxb5 Rxb5 22. Ba2 c4 23. Bc3 Bxc3 24. bxc3 Ra5 25. Rb2 Rxa3 26. Reb1 Qa6 27. Nd4 Ra4 28. Qd2 Kg7 29.
Nf3 f6 30. h4 h5 31. Nd4 Qa5 32. f4 Qc5 33. Qf2 Kf7 34. f5 gxf5 35. exf5 Ra3 36. Re1 Rxc3 37. Rbe2 Nxd5 38. Kh1 Rg8 39. Bb1 Rg4 40. Be4 Nf4 41. Bf3 Nxe2 42. Bxg4 Nxd4 43. Bxh5+ Kf8 44. Qf4 Nxf5 45. Ra1 1-0

[Event "Late-Titled-Tuesday-Blitz-March-26-2024"]
[Site "Chess.com"]
[Date "2024.03.26"]
[Round "11"]
[White "Matrix3x3a"]
[Black "janhelmer03"]
[Result "1-0"]
[WhiteElo "2610"]
[BlackElo "2430"]
[TimeControl "180+1"]
[EndTime "16:04:44 PDT"]
[Termination "Matrix3x3a won by resignation"]

1. d4 d5 2. c4 e6 3. Nf3 Nf6 4. g3 Bb4+ 5. Bd2 Be7 6. Bg2 O-O 7. O-O a6 8. Qc2 b5 9. cxd5 exd5 10. Ba5 Bd6 11.
Nbd2 Qe7 12. Rac1 c6 13. e3 Bg4 14. Nb3 Ne4 15. Ne1 Bf5 16. Nd3 Ng5 17. Qe2 Be4 18.
f3 Bf5 19. Nbc5 Re8 20. Rfe1 Qf6 21. Nf2 Ne6 22. Nxe6 Qxe6 23. Qd2 Qh6 24. a3 Bd7 25. Bb4 Bc7 26. Nd3 a5 27. Bc3 Na6 28. Bxa5 Bxa5 29. Qxa5 Rxe3 30. Qd2 Rxe1+ 31. Qxe1 Nc7 32. Ne5 Re8 33.
f4 f6 34. Qa5 fxe5 35. Qxc7 Bg4 36. dxe5 Qg6 37. Qxc6 Qxc6 38. Rxc6 Rd8 39. Rd6 Rxd6 40.
exd6 Kf7 41. Bxd5+ Ke8 42. Bc6+ Bd7 43. Bxd7+ Kxd7 44.
b3 Kxd6 45. a4 bxa4 46. bxa4 Kc5 47. Kf2 Kb4 48. Kf3 Kxa4 49. Ke4 Kb5 50. Ke5 Kc6 51. Ke6 Kc5 52. Kf7 Kd4 53. Kxg7 h5 54. Kg6 h4 55. Kg5 Ke4 56. Kxh4 Kf5 57. Kh3 1-0

[Event "Late-Titled-Tuesday-Blitz-March-26-2024"]
[Site "Chess.com"]
[Date "2024.03.26"]
[Round "11"]
[White "TemploVillamarin"]
[Black "Laico"]
[Result "1-0"]
[WhiteElo "2279"]
[BlackElo "2381"]
[TimeControl "180+1"]
[EndTime "16:04:46 PDT"]
[Termination "TemploVillamarin won on time"]

1. d4 e6 2. e4 d5 3. Nc3 Nf6 4. Bg5 Be7 5. e5 Nfd7 6. h4 O-O 7.
Qg4 Kh8 8. O-O-O c5 9. f4 cxd4 10.
Nce2 Nc6 11. h5 f6 12. exf6 Nxf6 13. Qh4 Ne4 14. Bxe7 Qxe7 15. Qxe7 Nxe7 16. Nh3 Nf5 17. g4 Ne3 18. Rxd4 e5 19. Rd3 Nxf1 20. Rxf1 Bxg4 21.
Neg1 d4 22. Re1 Nc5 23. Rg3 Bxh3 24. Nxh3 exf4 25. Rg5 Rac8 26. Re7 Rg8 27. Nxf4 a6 28. b4 Na4 29. Rxb7 Nc3 30. Kb2 Rb8 31. Rxb8 Rxb8 32. a3 a5 33. Kb3 a4+ 34. Kc4 Nb1 35. Ne6 Nxa3+ 36. Kxd4 Nxc2+ 37. Kc3 Nxb4 38. Nxg7 a3 39. h6 a2 40. Ra5 Nd5+ 41. Kd4 Nb4 42. Kc3 Nd5+ 43. Kd4 Ne7 44. Kc3 Ng6 45. Kc2 Nf8 46.
Nf5 Ne6 47. Ne7 1-0

[Event "Late-Titled-Tuesday-Blitz-March-26-2024"]
[Site "Chess.com"]
[Date "2024.03.26"]
[Round "11"]
[White "Bala-Afiada"]
[Black "Defenstrator"]
[Result "0-1"]
[WhiteElo "1875"]
[BlackElo "2432"]
[TimeControl "180+1"]
[EndTime "16:04:46 PDT"]
[Termination "Defenstrator won on time"]

1. d4 e6 2. c4 Ke7 3. Nc3 Kf6 4. Nf3 Ke7 5. e4 Ke8 6. Be2 Qe7 7. Be3 Qb4 8. Qb3 Qxb3 9. axb3 c6 10. O-O Nf6 11.
e5 Ng4 12. Bg5 f6 13. exf6 Nxf6 14. Rfe1 d5 15. c5 Nbd7 16. b4 Kf7 17. b5 h6 18. Bf4 g5 19. Bg3 Nh5 20. Bc7 Bg7 21. b6 a6 22. b4 Re8 23. Nxg5+ Kg6 24. Bxh5+ Kxh5 25. Nxe6 Rxe6 26. Rxe6 Bxd4 27. Ne2 Bxa1 28. Ng3+ Kh4 29. Rxh6+ Kg5 30. Re6 Nf6 31. Re7 Bd7 32.
f4+ Kg6 33. Be5 Re8 34. Rxe8 Bxe8 35. Bxa1 Ng4 36. h3 Ne3 37. Kf2 Nc2 38. Bc3 d4 39.
Bd2 Bf7 40. f5+ Kf6 41. Ne4+ Ke5 42. Ng3 Na1 43. Ne2 Nb3 44. Bf4+ Kxf5 45. g4+ Ke4 46. Bc7 d3 47. Ng3+ Kd4 48. Nf5+ Kc3 49. Be5+ Kc2 50. Ne3+ Kc1 51. g5 d2 52. h4 a5 53. bxa5 Nxc5 54.
a6 Nxa6 55. Ke2 Bh5+ 0-1

[Event "Late-Titled-Tuesday-Blitz-March-26-2024"]
[Site "Chess.com"]
[Date "2024.03.26"]
[Round "11"]
[White "KorolDimitriy75"]
[Black "carloseduar100"]
[Result "1-0"]
[WhiteElo "2392"]
[BlackElo "2245"]
[TimeControl "180+1"]
[EndTime "16:04:47 PDT"]
[Termination "KorolDimitriy75 won by checkmate"]

1. d4 d5 2. c4 e5 3. Nc3 dxc4 4. Nf3 exd4 5. Qxd4 Qxd4 6. Nxd4 c6 7. e3 b5 8. a4 b4 9. Ne4 Bb7 10. Nf5 Ba6 11.
Bxc4 Bxc4 12. Nfd6+ Bxd6 13. Nxd6+ Ke7 14. Nxc4 a5 15.
e4 Nd7 16. Be3 Ngf6 17. f3 Ke6 18. Ke2 c5 19. Rhd1 Ra6 20. Rd3 h6 21. Rad1 g5 22.
Rd6+ Rxd6 23. Rxd6+ Ke7 24. Ra6 g4 25. Rxa5 gxf3+ 26. gxf3 Rg8 27. Kf2 Rc8 28. Ra7 Ke6 29. a5 Ne8 30.
Rxd7 Kxd7 31. Nb6+ Kc7 32. Nxc8 Kxc8 33. Bxc5 b3 34. a6 Nc7 35. a7 Kb7 36. Ke3 Ne6 37. Bd4 Ng5 38. h4 Ne6 39. Kd3 Nf4+ 40. Kc4 Ng2 41.
h5 Nf4 42. Kxb3 Nxh5 43. Kc4 Nf4 44. Be3 Ne6 45. Bxh6 Kxa7 46. Kd5 Kb7 47. Ke5 Nc5 48. Kf6 Nd3 49. f4 Kc7 50. Kxf7 Nxb2 51. e5 Nc4 52. e6 Nd6+ 53. Kf6 Kd8 54. Bg5 Ke8 55. Ke5 Nc4+ 56. Kd5 Ne3+ 57. Ke4 Nc4 58. f5 Nd6+ 59.
Ke5 Nc4+ 60. Kd5 Nb6+ 61. Kc6 Nc4 62. f6 Ne5+ 63. Kd5 Nf3 64. f7+ Kf8 65. Bh6+ Ke7 66. f8=Q# 1-0

[Event "Late-Titled-Tuesday-Blitz-March-26-2024"]
[Site "Chess.com"]
[Date "2024.03.26"]
[Round "11"]
[White "ProfessorChess101"]
[Black "Fandorine"]
[Result "1/2-1/2"]
[WhiteElo "2801"]
[BlackElo "2910"]
[TimeControl "180+1"]
[EndTime "16:04:48 PDT"]
[Termination "Game drawn by repetition"]

1. d4 Nf6 2. c4 g6 3. Nc3 Bg7 4. e4 d6 5. Nf3 O-O 6. Be2 e5 7. O-O exd4 8. Nxd4 Re8 9. f3 c6 10. Nc2 Na6 11. Bf4 d5 12. cxd5 cxd5 13. Bxa6 bxa6 14.
Nxd5 Nxd5 15. Qxd5 Be6 16. Qxd8 Rexd8 17. e5 h6 18. h4 Rac8 19. Rfc1 Rc4 20. g3 Rd3 21. Ne1 Rdd4 22. b3 Rxc1 23. Rxc1 a5 24. Rc7 a4 25. Rxa7 axb3 26. axb3 Bxb3 27. Kf2 Be6 28. Nc2 Rd1 29. Ne3 Rd2+ 30. Ke1 Rd3 31. Ke2 Rb3 32. Rc7 Bf8 33.
Ng4 Rb2+ 34. Kf1 h5 35. Nf6+ Kg7 36. Ne8+ Kh8 37. Nd6 Kg8 38. Ra7 Bd5 39. Ra3 Be7 40.
Kg1 Bd8 41. Ne4 Bb6+ 42. Kh1 Bxe4 43. fxe4 Re2 44. Ra4 Bc5 45. Rc4 Be7 46. Kg1 Kf8 47. Kf1 Ra2 48. Rc8+ Kg7 49. Rc7 Kf8 50. Rc8+ Kg7 51.
Rc7 Kf8 52. Rc8+ 1/2-1/2

[Event "Late-Titled-Tuesday-Blitz-March-26-2024"]
[Site "Chess.com"]
[Date "2024.03.26"]
[Round "11"]
[White "KetiTsatsalashvili"]
[Black "TokChess"]
[Result "0-1"]
[WhiteElo "2456"]
[BlackElo "2610"]
[TimeControl "180+1"]
[EndTime "16:04:49 PDT"]
[Termination "TokChess won by checkmate"]

1. d4 Nf6 2. Nf3 g6 3. c4 Bg7 4. Nc3 d5 5. cxd5 Nxd5 6. e4 Nxc3 7. bxc3 c5 8. Be2 O-O 9. Rb1 b6 10. O-O Bb7 11. Qd3 Ba6 12. Qc2 Bxe2 13. Qxe2 Qc7 14. Be3 Nd7 15. h4 Rac8 16. Rbc1 Nf6 17. e5 Nd5 18.
Bd2 cxd4 19. cxd4 Qd7 20. h5 gxh5 21. Nh2 Qf5 22. Rfe1 e6 23. Nf1 Qg4 24. Ng3 Qxe2 25. Rxe2 Rxc1+ 26. Bxc1 Rc8 27. Re1 Rc4 28. Be3 h4 29.
Ne4 Rc2 30. a3 Bf8 31. Bg5 Rc4 32. Nd6 Rxd4 33. Bxh4 Rxh4 34. Ne4 Bxa3 35. g3 Rxe4 36. Rxe4 Bc5 37. Kg2 a5 38. f4 b5 39. g4 a4 40.
f5 a3 41. Re1 a2 42. Rc1 Kg7 43. Kf3 b4 44. Ke4 b3 45. f6+ Kg6 46. g5 b2 47.
Rc2 b1=Q 48. Kd3 Qxc2+ 49. Kxc2 Kxg5 50. Kd3 Kf5 51. Kc4 Kxe5 52. Kxc5 a1=Q 53. Kc6 Qc3+ 54. Kd7 Kxf6 55. Ke8 Qc7 56. Kf8 Qd8# 0-1

[Event "Late-Titled-Tuesday-Blitz-March-26-2024"]
[Site "Chess.com"]
[Date "2024.03.26"]
[Round "11"]
[White "nabukatnezarr"]
[Black "Meri-Arabidze"]
[Result "1-0"]
[WhiteElo "2625"]
[BlackElo "2682"]
[TimeControl "180+1"]
[EndTime "16:04:50 PDT"]
[Termination "nabukatnezarr won by checkmate"]

1. Nf3 Nf6 2. g3 b6 3. Bg2 Bb7 4. O-O g6 5. d3 Bg7 6. e4 O-O 7. e5 Ne8 8. Re1 d6 9. e6 f5 10.
d4 Nf6 11. c4 c5 12. d5 b5 13. Ng5 bxc4 14. Nc3 Na6 15. a3 Nc7 16. Nf7 Qe8 17. Bg5 Rxf7 18. exf7+ Qxf7 19. Qe2 Re8 20. Qxc4 Nd7 21.
Qa4 Bc8 22. Qxa7 Bxc3 23. bxc3 Nxd5 24. a4 Nxc3 25. a5 Ne4 26. Be3 d5 27. f3 d4 28.
fxe4 dxe3 29. exf5 Ne5 30. Rxe3 Qxf5 31. Rae1 Ng4 32.
Rf3 Qc2 33. h3 Nf6 34. Rxf6 Qc3 35. Rff1 Qxg3 36. Qxc5 Bxh3 37. Qc4+ Kh8 38. Qe2 e5 39. Rf3 Qg4 40. Qf2 Qd4 41. Qxd4 Bxg2 42. Rfe3 exd4 43.
Rxe8+ Kg7 44. R8e7+ Kh6 45. a6 d3 46. Kxg2 d2 47. Rd1 Kg5 48. Rxd2 Kf6 49. a7 Kxe7 50. a8=Q Kf6 51. Rd7 Kg5 52. Qd5+ Kh6 53. Qf7 Kg5 54. Qxh7 Kg4 55. Qxg6+ Kh4 56. Rh7# 1-0

[Event "Late-Titled-Tuesday-Blitz-March-26-2024"]
[Site "Chess.com"]
[Date "2024.03.26"]
[Round "11"]
[White "Nf3c5"]
[Black "Nemsko"]
[Result "1-0"]
[WhiteElo "2567"]
[BlackElo "2435"]
[TimeControl "180+1"]
[EndTime "16:04:51 PDT"]
[Termination "Nf3c5 won by resignation"]

1. e4 e5 2. Nf3 Nc6 3. Nc3 Nf6 4. h3 a6 5. d4 exd4 6. Nxd4 d6 7. Nxc6 bxc6 8.
Bd3 Be7 9. O-O O-O 10. f4 Nd7 11. Be3 Rb8 12. Rb1 Bf6 13. Qd2 Bb7 14. Ne2 Re8 15.
Ng3 g6 16. b4 c5 17. bxc5 Nxc5 18. Bxc5 dxc5 19. e5 Bh4 20. Qe3 Bxg3 21. Qxg3 c4 22. Be2 Qd2 23. Qf2 c3 24. Rbc1 Qd5 25. a3 Red8 26.
Bf3 Qa2 27. Qc5 Bxf3 28. Rxf3 Rb1 29. Rxb1 Qxb1+ 30. Kh2 Qxc2 31. Qxc3 Rd2 32. Qxc2 Rxc2 33. Rd3 Kf8 34. Kg3 Ke7 35. Kf3 Rc4 36. g3 a5 37.
Kg4 f6 38. exf6+ Kxf6 39. Rd5 a4 40. Ra5 h5+ 41. Kh4 c6 42. Ra8 Ke6 43. Kg5 Rc3 44.
g4 hxg4 45. hxg4 Rxa3 46. Kxg6 Rg3 47. f5+ Kd6 48. g5 c5 49. f6 Rf3 50. f7 Ke7 51.
Re8+ Kd7 52. f8=Q Rxf8 53. Rxf8 Kc6 54. Ra8 Kb5 55. Kf5 c4 56. Ke4 Kb4 57. g6 c3 58.
Kd3 c2 59. Kxc2 a3 1-0

[Event "Late-Titled-Tuesday-Blitz-March-26-2024"]
[Site "Chess.com"]
[Date "2024.03.26"]
[Round "11"]
[White "jstopa4"]
[Black "Savagelittlemole"]
[Result "1-0"]
[WhiteElo "2721"]
[BlackElo "2525"]
[TimeControl "180+1"]
[EndTime "16:04:52 PDT"]
[Termination "jstopa4 won on time"]

1. d4 Nf6 2. c4 c5 3. Nf3 cxd4 4. Nxd4 g6 5. g3 Bg7 6. Bg2 O-O 7. O-O Nc6 8. Nc3 e5 9. Ndb5 Ne8 10. Nd5 a6 11. Nbc3 d6 12. b3 Be6 13. Be3 Ne7 14. Bb6 Qd7 15.
Nxe7+ Qxe7 16. Nd5 Bxd5 17. Qxd5 Nf6 18. Qd2 Nd7 19.
Ba5 Nc5 20. Rad1 Ne6 21. e3 Rab8 22. Qxd6 Qg5 23. h4 Qh5 24. Qd5 g5 25. Qf3 Qh6 26. hxg5 Nxg5 27. Qf5 Rbe8 28. Bb4 Re6 29. Bxf8 Bxf8 30.
Rd8 Rf6 31. Qg4 Rg6 32. Rfd1 Ne6 33. Qe4 Nxd8 34. Rxd8 Qg5 35. Re8 Kg7 36. Rxe5 Qf6 37. Rf5 Qd6 38. Qd4+ Qxd4 39. exd4 b6 40. Bb7 a5 41. Bd5 Rf6 42. Rg5+ Rg6 43. Re5 Bd6 44. Re8 h5 45. Kf1 h4 46. gxh4 Rg4 47. Rd8 Be7 48. Rd7 Kf6 49. h5 Rxd4 50. Rb7 Bc5 51. Rxf7+ Kg5 52. Rh7 Rd2 53. f3 Rf2+ 54. Ke1 Rxa2 55. Rh8 Kf4 56. h6 Bd4 57. Re8 1-0

[Event "Late-Titled-Tuesday-Blitz-March-26-2024"]
[Site "Chess.com"]
[Date "2024.03.26"]
[Round "11"]
[White "Revan_2002"]
[Black "BardArtem"]
[Result "0-1"]
[WhiteElo "2659"]
[BlackElo "2828"]
[TimeControl "180+1"]
[EndTime "16:04:53 PDT"]
[Termination "BardArtem won on time"]

1. Nf3 d5 2. g3 Nc6 3. d4 Bf5 4. Bg2 Nb4 5. Na3 e6 6. c3 Nc6 7. Nc2 Be7 8. O-O Nf6 9. Ne3 Be4 10. b3 O-O 11. Bb2 Nb8 12. Rc1 Nbd7 13. c4 c6 14.
a3 h6 15. Bh3 Bd6 16. Nd2 Bh7 17. Bg2 Qe7 18. b4 a5 19. c5 Bc7 20. f4 axb4 21. axb4 b5 22. Qb3 h5 23. Ra1 h4 24. Rxa8 Rxa8 25. Ra1 Rxa1+ 26. Bxa1 hxg3 27. hxg3 g5 28. fxg5 Nh5 29. Qa3 Qxg5 30. Qa8+ Kg7 31. Ndf1 Nxg3 32. Qxc6 Bf4 33. Nxd5 exd5 34. Qxd5 Be3+ 35. Nxe3 Qxe3+ 36. Kh2 Nxe2 37. Qxd7 Qg3+ 38. Kh1 Qe1+ 39. Kh2 Qg3+ 40. Kh1 Qh4+ 41. Qh3 Qe1+ 42. Bf1 Be4+ 43. Kh2 Qf2+ 44. Bg2 Qf4+ 45. Kh1 Ng3+ 46. Kg1 Ne2+ 47. Kh1 Bf5 48. Qf3 Qh4+ 0-1